 Dungeon Crawl Stone Soup version 0.31-a0-859-g9dce7d3444 (webtiles) character file.

Game seed: 8178076281805547841

207 Newt the Poker (level 5, -3/42 HPs)
             Began as a Merfolk Gladiator on Oct 9, 2023.
             Killed from afar by Dowan (12 damage)
             ... with a stone arrow
             ... on level 4 of the Dungeon.
             The game lasted 00:02:11 (1979 turns).

Newt the Poker (Merfolk Gladiator)                  Turns: 1979, Time: 00:02:12

Health: -3/42      AC:  9    Str: 16    XL:     5   Next: 85%
Magic:  5/5        EV: 12    Int:  8    God:
Gold:   164        SH:  5    Dex: 15    Spells: 4/4 levels left

rFire   . . .        a - +2 trident
rCold   . . .        n - +1 buckler
rNeg    . . .        b - +0 leather armour
rPois   .            c - +0 helmet
rElec   .            (no cloak)
rCorr   .            j - +0 pair of gloves
SInv    .            (no boots)
Will    .....        (no amulet)
Stlth   +            k - +4 ring of protection
HPRegen 0.27/turn    (no ring)
MPRegen 0.09/turn

%: no passive effects
@: lit by a corona, glowing
A: (nimble swimmer 2), mertail
a: no special abilities


You were on level 4 of the Dungeon.
You visited 1 branch of the dungeon, and saw 4 of its levels.

You collected 164 gold pieces.

Inventory:

Hand Weapons
 a - a +2 trident (weapon)
Missiles
 d - a throwing net (quivered)
 e - a javelin
Armour
 b - a +0 leather armour (worn)
 c - a +0 helmet (worn)
 j - a +0 pair of gloves (worn)
 n - a +1 buckler (worn)
Jewellery
 k - a +4 ring of protection (left hand)
Wands
 q - a wand of iceblast (1)
Scrolls
 i - a scroll of teleportation
 l - a scroll of blinking
Potions
 f - 2 potions of brilliance {unknown}
 g - a potion of ambrosia {unknown}
 h - 2 potions of mutation {unknown}
 o - a potion of degeneration
 p - a potion of curing {unknown}


   Skills:
 - Level 4.0 Fighting
 + Level 7.3 Polearms
 - Level 2.0 Throwing
 - Level 4.0 Dodging


You had 4 spell levels left.
You didn't know any spells.
Your spell library contained the following spells:

 Spells                   Type           Power      Damage    Failure   Level
 Tukima's Dance           Hex            0%         N/A       91%         3
 Passage of Golubria      Tloc           0%         N/A       100%        4
 Yara's Violent Unravell  Hex/Tmut       0%         3d3       100%        5


Dungeon Overview and Level Annotations

Branches:
Dungeon (4/15)
 Temple: D:4-7

Altars:
Cheibriados
Gozag
Nemelex Xobeh
Trog

Shops:
D:3 :

Annotations:
D:4 Dowan


Innate Abilities, Weirdness & Mutations

((You are very nimble when in or above water. (Stealth+, EV+, Speed+++)))
Your lower body shifts to a powerful aquatic tail in water.


Message History

The net rips apart, and Duvessa comes free!
You barely miss Duvessa.
Duvessa is almost dead.
Duvessa closely misses you.
Dowan struggles against the net.
You puncture Duvessa!
You kill Duvessa!
Dowan screams, "No!
Oh no!"
Dowan seems to find hidden reserves of power!
Dowan casts a spell.
Dowan blinks!
Your Polearms skill gained 2 levels and is now at level 7!
You have reached level 5!
You feel clever. Dowan hits you but does no damage.
You closely miss Dowan.
Dowan is heavily wounded.
Dowan says, "Her death will not be in vain!"
Dowan casts a spell.
Dowan blinks!
You reach to attack!
You closely miss Dowan.
Dowan is heavily wounded.
You puncture Dowan!
Dowan is severely wounded.
You block Dowan's attack. x2
You closely miss Dowan.
Dowan is severely wounded.
Dowan casts a spell at you. You block the stone arrow.
You miss Dowan.
Dowan is severely wounded.
Dowan closely misses you. Dowan casts a spell at you.
The shard of ice hits you!!
* * * LOW HITPOINT WARNING * * *
You are too injured to fight recklessly!
You barely miss Dowan.
Dowan is severely wounded.
Dowan casts a spell at you. The stone arrow hits you!
You die...

# .#
#####..##
#........
##........
##.@e....#
##..####...#
#<.## #
#...()##
#######


You could see Dowan (fast).

Vanquished Creatures
  Duvessa (D:4)
  A gnoll (D:2)
  4 adders
  2 worms (D:2)
  2 dart slugs
  An orc (D:3)
  2 bats
  4 endoplasms
  2 giant cockroaches (D:2)
  4 goblins (D:1)
  6 hobgoblins
  7 kobolds
  3 quokkas
  4 ball pythons
  2 frilled lizards (D:1)
  4 rats
49 creatures vanquished.

Notes
Turn   | Place    | Note
-------+----------+-------------------------------------------
     0 | D:1      | Newt the Merfolk Gladiator began the quest for the Orb.
     0 | D:1      | Reached XP level 1. HP: 16/16 MP: 1/1
    77 | D:1      | Reached XP level 2. HP: 23/23 MP: 2/2
   114 | D:1      | You fall into a shaft and drop 1 floor!
   144 | D:2      | Found a bloodstained altar of Trog.
   172 | D:2      | Reached XP level 3. HP: 30/30 MP: 3/3
   839 | D:2      | Reached XP level 4. HP: 37/37 MP: 4/4
  1030 | D:2      | Reached skill level 5 in Polearms
  1214 | D:3      | Found an opulent altar of Gozag.
  1277 | D:3      | Found Redes's Book Shoppe.
  1607 | D:3      | Found a snail-covered altar of Cheibriados.
  1758 | D:3      | Found a sparkling altar of Nemelex Xobeh.
  1954 | D:4      | Noticed Duvessa
  1954 | D:4      | Noticed Dowan
  1970 | D:4      | Killed Duvessa
  1971 | D:4      | Reached skill level 7 in Polearms
  1971 | D:4      | Reached XP level 5. HP: 26/42 MP: 5/5
  1979 | D:4      | Killed from afar by Dowan

Illustrated notes

Levels and vault maps discovered:
D:1:      dpeg_arrival_morbid_curiosity, layout_loops_ring
D:2:      layout_rooms, basic_altar, minmay_hexomino_c4
D:3:      layout_loops_corners, nemelex_diamond_rough_becter,
          kennysheep_slug_shrine, amcnicky_altar_gilded, serial_shops, shop
D:4:      nicolae_cairo_tiling_large, layout_layer_cave,
          nicolae_sif_muna_condensation, minmay_temple_entry_junction,
          cheibrodos_sewer_entry_bend, uniq_blork_the_orc, uniq_duvessa

Skill      XL: |  1  2  3  4 |
---------------+-------------+-----
Fighting       | 3 4 |  4.0
Polearms       | 7 |  7.3
Throwing       | |  2.0
Dodging        | |  4.0

Action                     |  1- 3 |  4- 6 || total
---------------------------+-------+-------++-------
  Melee: Trident           |    89 |    69 ||   158
  Throw: Throwing net      |       |     2 ||     2
    Use: Scroll            |       |     9 ||     9
   Stab: Sleeping          |     1 |       ||     1
 Armour: Leather armour    |    30 |    30 ||    60
  Dodge: Dodged            |    41 |    15 ||    56
  Block: Buckler           |     1 |     5 ||     6

Table legend: (Time is in decaauts)
 A = Elapsed time spent in this place.
 B = Non-inter-level travel time spent in this place.
 C = Inter-level travel time spent in this place.
 D = Time resting spent in this place.
 E = Time spent auto-exploring this place.
 F = Levels seen in this place.
 G = Mean time per level.
                   A        B        C        D        E       F      G
               +--------+--------+--------+--------+--------+-----+--------+
         Total |   1990 |   1928 |     62 |      0 |   1521 |   4 |  497.5 |
       Dungeon |   1990 |   1928 |     62 |      0 |   1521 |   4 |  497.5 |
               +--------+--------+--------+--------+--------+-----+--------+

Top non-repeatable levels by time:
     D:3: 784 daAuts
     D:1: 708 daAuts
     D:2: 472 daAuts
     D:4: 25 daAuts
